 Dungeon Crawl Stone Soup version 0.29.1-1-gd02db6906a (webtiles) character file.

Game seed: 4696206173286656595

271 LustLizard the Sneak (level 6, -14/30 HPs)
             Began as a Spriggan Arcane Marksman on Sept 21, 2022.
             Killed by divine providence
             ... invoked by an orc priest
              (16 damage)
             ... on level 4 of the Dungeon.
             The game lasted 00:09:09 (4171 turns).

LustLizard the Sneak (Spriggan Arcane Marksman)     Turns: 4171, Time: 00:09:10

Health: -14/30     AC:  2    Str:  6    XL:     6   Next: 2%
Magic:  9/9        EV: 17    Int: 16    God:
Gold:   92         SH:  0    Dex: 16    Spells: 3/7 levels left

rFire   . . .      SeeInvis +   a - +1 sling
rCold   . . .      Faith    .   (no shield)
rNeg    . . .      Spirit   .   c - +0 robe
rPois   .          Reflect  .   (helmet restricted)
rElec   .          Harm     .   (no cloak)
rCorr   .          Rampage  .   (gloves unavailable)
Will    +....                   (boots unavailable)
Stlth   +++.......              (no amulet)
HPRegen 0.10/turn               o - ring of wizardry
MPRegen 0.11/turn               (no ring)

@: very quick
A: very small, no large weapons, unfitting armour, see invisible, speed 3
a: no special abilities


You were on level 4 of the Dungeon.
You visited 1 branch of the dungeon, and saw 4 of its levels.

You collected 130 gold pieces.
You spent 38 gold pieces at shops.

Inventory:

Hand Weapons
 a - a +1 sling (weapon)
Armour
 c - a +0 robe (worn)
Jewellery
 o - a ring of wizardry (left hand)
Wands
 k - a wand of iceblast (8)
Scrolls
 b - a scroll of poison
 e - a scroll of teleportation
 g - a scroll of amnesia {unknown}
 m - 2 scrolls of fear {unknown}
 n - a scroll of enchant armour {unknown}
Potions
 d - a potion of brilliance
 f - a potion of invisibility
 h - a potion of cancellation {unknown}
 i - a potion of flight
 j - a potion of magic
 l - 2 potions of lignification {unknown}


   Skills:
 + Level 2.0 Fighting
 * Level 4.0 Ranged Weapons
 - Level 2.6 Dodging
 * Level 5.1 Stealth
 - Level 1.3 Spellcasting
 - Level 4.4 Hexes
 + Level 1.0 Translocations


You had 3 spell levels left.
You knew the following spells:

 Your Spells              Type           Power      Damage    Failure   Level
a - Slow                  Hex            60%        N/A       1%          1
b - Portal Projectile     Hex/Tloc       18%        N/A       9%          3

Your spell library contained the following spells:

 Spells                   Type           Power      Damage    Failure   Level
 Inner Flame              Hex/Fire       8%         N/A       11%         3
 Cause Fear               Hex            7%         N/A       14%         4


Dungeon Overview and Level Annotations

Branches:
Dungeon (4/15)
 Temple: D:4-7

Altars:
Cheibriados

Shops:
D:4 *


Innate Abilities, Weirdness & Mutations

You are very small and have problems with some larger weapons.
You are too small for most types of armour.
You have supernaturally acute eyesight. (SInv)
You cover ground extremely quickly. (Speed+++)


Message History

The kobold closely misses you.
You shoot a sling bullet.
The sling bullet closely misses the kobold.
You shoot a sling bullet.
The sling bullet barely misses the kobold.
The sling bullet hits the orc wizard.
The orc wizard is moderately wounded.
You shoot a sling bullet.
The sling bullet barely misses the kobold.
The sling bullet hits the orc wizard.
The orc wizard is heavily wounded.
You shoot a sling bullet. The sling bullet hits the kobold.
You kill the kobold!
You shoot a sling bullet.
The sling bullet hits the orc wizard but does no damage.
The orc wizard is heavily wounded.
You shoot a sling bullet. The sling bullet hits the orc wizard.
The orc wizard is severely wounded.
The orc priest calls upon Beogh to heal the orc wizard.
The orc wizard is healed somewhat.
The orc priest calls upon Beogh to heal the orc wizard.
The orc wizard's wounds heal themselves!
You shoot a sling bullet.
The sling bullet closely misses the orc wizard.
The orc wizard points at you and mumbles some strange words.
The puff of flame hits you!
You shoot a sling bullet.
The sling bullet closely misses the orc wizard.
The orc wizard misses you.
The orc wizard points at you and mumbles some strange words.
The puff of flame hits you!
* * * LOW HITPOINT WARNING * * *
The orc wizard points at you and mumbles some strange words.
The magic dart hits you.
* * * LOW HITPOINT WARNING * * *
Found 16 gold pieces.
The orc priest calls down the wrath of Beogh upon you.
Beogh smites you!
Ouch! That really hurt!
You die...

#.# #.# #. #.### #.# ..
#...# #.# #$ #.#.# #.#
#. #.#.#####.## #.
#...o....... #. #.
###.#####.#.
##...#.########.##....#.
.......@.....o...+....#.
#...........oo.>.#....#.
#.####.########....).)#.
...## #. ............#.
..). #. .###..........
.... #+ .............
... #.#...###.... ..#
.#.#...###.... ..#
.....[...#o...


You could see an orc priest and 2 orc wizards.

Vanquished Creatures
  A jelly (D:3)
  Terence (D:2)
  2 orc wizards
  3 gnolls (D:3)
  4 adders
  3 worms
  2 dart slugs
  11 orcs
  2 endoplasms
  4 giant cockroaches
  9 goblins
  5 hobgoblins
  8 jackals (D:3)
  3 quokkas
  5 ball pythons (D:1)
  5 bats
  2 frilled lizards (D:2)
  5 kobolds
  4 rats
79 creatures vanquished.

Notes
Turn   | Place    | Note
-------+----------+-------------------------------------------
     0 | D:1      | LustLizard the Spriggan Arcane Marksman began the quest for
                  | the Orb.
     0 | D:1      | Reached XP level 1. HP: 9/9 MP: 3/3
    46 | D:1      | Reached skill level 1 in Stealth
    87 | D:1      | Reached XP level 2. HP: 14/14 MP: 5/5
    94 | D:1      | Found a faded altar of an unknown god.
   128 | D:1      | Reached skill level 1 in Fighting
   656 | D:1      | Reached skill level 2 in Stealth
   997 | D:1      | Reached XP level 3. HP: 17/18 MP: 6/6
  1741 | D:2      | Noticed Terence
  1860 | D:2      | Killed Terence
  1861 | D:2      | Reached skill level 3 in Stealth
  1861 | D:2      | Reached XP level 4. HP: 19/22 MP: 7/7
  2259 | D:3      | Found a snail-covered altar of Cheibriados.
  2727 | D:3      | Reached skill level 4 in Stealth
  2962 | D:3      | Reached XP level 5. HP: 25/25 MP: 8/8
  3315 | D:3      | Learned a level 3 spell: Portal Projectile
  3664 | D:4      | Found Arpho's Assorted Antiques.
  3827 | D:4      | Bought a bubbling amethyst potion for 19 gold pieces
  3827 | D:4      | Bought a metallic puce potion for 19 gold pieces
  3976 | D:4      | Reached skill level 5 in Stealth
  4069 | D:4      | Reached skill level 1 in Translocations
  4069 | D:4      | Reached XP level 6. HP: 26/30 MP: 9/9
  4171 | D:4      | Killed from afar by an orc priest

Illustrated notes

Levels and vault maps discovered:
D:1:      erik_arrival_blinker_ship, layout_basic,
          shapermc_ecumenical_altar_pompeii
D:2:      layout_loops_ring, minmay_misc_feat_cross, minmay_vboxes, uniq_terence
D:3:      layout_basic, cheibrodos_worm_habitat
D:4:      layout_basic, nicolae_stop_n_shop_1

Skill      XL: |  1  2  3  4  5  6 |
---------------+-------------------+-----
Stealth        | 1 2 3 4 5 |  5.1
Fighting       | 1 2 |  2.0
Hexes          | 4 |  4.4
Ranged Weapons | 3 4 |  4.0
Translocations | 1 |  1.0
Dodging        | |  2.6
Spellcasting   | |  1.3

Action                   |  1- 3 |  4- 6 || total
-------------------------+-------+-------++-------
 Fire: Sling             |   145 |   216 ||   361
 Cast: Slow              |     1 |       ||     1
  Use: Scroll            |       |     6 ||     6
Armor: Robe              |     4 |    14 ||    18
Dodge: Dodged            |    32 |    74 ||   106
